 Dungeon Crawl Stone Soup version 0.28.0 (webtiles) character file.

Game seed: 3047807672963502661

27 horus123 the Cudgeller (level 2, 0/24 HPs)
             Began as a Demonspawn Abyssal Knight on Feb 12, 2022.
             Was a Follower of Lugonu.
             Slain by a hobgoblin (2 damage)
             ... led by Robin
             ... on level 2 of the Dungeon.
             The game lasted 00:02:27 (1983 turns).

horus123 the Cudgeller (Demonspawn Abyssal Knight)  Turns: 1983, Time: 00:02:29

Health: 0/24       AC:  3    Str: 10 (13) XL:     2   Next: 93%
Magic:  3/3        EV: 11    Int:  9 (11) God:    Lugonu [*.....]
Gold:   56         SH:  0    Dex: 11 (13) Spells: 1/1 levels left

rFire   . . .      SeeInvis .   a - +1 mace
rCold   . . .      Faith    .   (no shield)
rNeg    . . .      Spirit   .   b - +0 leather armour
rPois   .          Reflect  .   (no helmet)
rElec   .          Harm     .   (no cloak)
rCorr   .          Rampage  .   (no gloves)
Will    .....                   (no boots)
Stlth   +.........              (no amulet)
HPRegen 0.08/turn               (no ring)
MPRegen 0.16/turn               (no ring)

@: no status effects
A: magic regeneration
a: Renounce Religion, Depart the Abyss


You were on level 2 of the Dungeon.
You worshipped Lugonu.
Lugonu was aware of your devotion.
You visited 1 branch of the dungeon, and saw 2 of its levels.
You visited the Abyss 1 time.

You collected 56 gold pieces.

Inventory:

Hand Weapons
 a - a +1 mace (weapon)
Armour
 b - a +0 leather armour (worn)
 h - a +0 pair of gloves
Scrolls
 c - a scroll of identify
 e - a scroll of silence {unknown}
 g - a scroll of enchant weapon {unknown}
Potions
 d - 2 potions of might
 f - a potion of degeneration


   Skills:
 - Level 3.0 Fighting
 + Level 3.1 Maces & Flails
 - Level 1.7 Armour
 - Level 0.8 Dodging
 - Level 2.4 Invocations


You had one spell level left.
You didn't know any spells.
Your spell library contained the following spells:

 Spells                   Type           Power      Damage    Failure   Level
 Conjure Flame            Conj/Fire      0%         6-21      85%         3
 Ignite Poison            Fire/Tmut/Pois 0%         N/A       85%         3
 Sticky Flame             Conj/Fire      0%         2d3       99%         4


Dungeon Overview and Level Annotations

Branches:
Dungeon (2/15)

Altars:

Annotations:
D:2 Robin


Innate Abilities, Weirdness & Mutations

You regenerate magic rapidly.


Message History

Lugonu accepts your kill.
The hobgoblin hits you but does no damage.
Robin roars a battlecry!
The goblin goes into a battle-frenzy!
A goblin comes into view. It is wielding a +0 dagger.
The hobgoblin barely misses you.
The goblin shouts!
A hobgoblin comes into view.
The goblin hits you with a +0 dagger.
Robin roars a battlecry!
The goblin goes into a battle-frenzy!
Things that are here:
a +0 club; a +0 club; a goblin corpse You barely miss the goblin.
The goblin closely misses you. The hobgoblin closely misses you.
You closely miss the goblin. The goblin hits you with a +0 dagger.
The hobgoblin misses you. The goblin closely misses you.
You sock the goblin!
You kill the goblin!
Lugonu accepts your kill. The hobgoblin hits you.
* * * LOW HITPOINT WARNING * * *
You barely miss the goblin. The hobgoblin completely misses you.
The goblin hits you with a +0 dagger.
* * * LOW HITPOINT WARNING * * *
The hobgoblin hits you.
* * * LOW HITPOINT WARNING * * *
Okay, then.
As you read the scroll labelled LICRAG IMERCH, it crumbles to dust.
It is a scroll of identify.
d - 2 potions of might The goblin no longer looks unusually strong.
The goblin barely misses you. The hobgoblin barely misses you.
It was a potion of degeneration.
There was something very wrong with that liquid.
You feel weakened.
You feel dopey.
You feel clumsy. The goblin hits you with a +0 dagger.
* * * LOW HITPOINT WARNING * * *
The hobgoblin hits you.
You die...

#.# ###.# #.#
...
#.########.#
##....†.....#
#.....g..ggg#
#.########g##
#.. #g# ##g#
#g# .# #@# g#
#g# gg ..# g#
####


You could see Robin, 3 hobgoblins and 3 goblins.

Vanquished Creatures
  3 ball pythons (D:1)
  2 bats (D:1)
  4 endoplasms (D:1)
  3 hobgoblins (D:1)
  A quokka (D:1)
  2 frilled lizards
  4 goblins
  3 kobolds (D:1)
  4 rats
26 creatures vanquished.

Notes
Turn   | Place    | Note
-------+----------+-------------------------------------------
     0 | Abyss:1  | horus123 the Demonspawn Abyssal Knight began the quest for
                  | the Orb.
     0 | Abyss:1  | Reached XP level 1. HP: 18/18 MP: 2/2
    61 | Abyss:1  | Found a corrupted altar of Lugonu.
   865 | Abyss:1  | Noticed a small abomination
   866 | D:1      | Escaped the Abyss
  1102 | D:1      | Reached * piety under Lugonu
  1128 | D:1      | Gained mutation: You regenerate magic rapidly. [demonic
                  | ancestry]
  1128 | D:1      | Reached XP level 2. HP: 24/24 MP: 3/3
  1546 | D:1      | Found a faded altar of an unknown god.
  1955 | D:2      | Noticed Robin
  1983 | D:2      | Slain by a hobgoblin

Illustrated notes

Levels and vault maps discovered:
D:1:      evilmike_arrival_fibonacci_small, layout_rooms,
          shapermc_ecumenical_altar_totnotflames
D:2:      layout_loops_ring, basic_altar, minmay_misc_feat_four_crosses,
          uniq_terence, uniq_robin

Skill      XL: |  1  2 |
---------------+-------+-----
Maces & Flails | 2 3 |  3.1
Fighting       | |  3.0
Armour         | |  1.7
Dodging        | |  0.8
Invocations    | |  2.4

Action                   || total
-------------------------++-------
Melee: Mace              ||    65
Invok: Depart the Abyss  ||     1
  Use: Scroll            ||     1
       Potion            ||     1
Armor: Leather armour    ||    16
Dodge: Dodged            ||    44
